Bruins vs Maple Leafs
Created - May 4, 2024 at 19:15
Goals
|
| Bruins |
1 |
0 |
2 |
3 |
| Maple Leafs |
0 |
4 |
0 |
4 |
|
Shots
|
| Bruins |
14 |
8 |
12 |
34 |
| Maple Leafs |
5 |
15 |
5 |
25 |
|
1st period
1. Bruins , Torey Krug 7 (Alexander Wennberg 25) at 19:05 (PP)
Penalties :
Andre Burakovsky (TOR) for Tripping (Minor) at 10:12, Elias Pettersson (TOR) for Cross-checking (Minor) at 18:19
2nd period
2. Maple Leafs , Bo Horvat 30 (Andre Burakovsky 48) at 4:53
3. Maple Leafs , Elias Pettersson 14 (Zach Werenski 38, Tye McGinn 8) at 6:12
4. Maple Leafs , Brandon Saad 8 (Patrice Cormier 8, Nicholas Baptiste 14) at 10:49
5. Maple Leafs , Andre Burakovsky 28 (Evander Kane 42, Elias Pettersson 21) at 18:44
Penalties :
Luke Schenn (TOR) for Roughing (Minor) at 6:21, Tuukka Rask (Bos) for Slashing (Minor) at 10:58 - Jonathan Toews served the penalty
3rd period
6. Bruins , Wojtek Wolski 26 (Madison Bowey 23, Jonathan Toews 54) at 17:41 (PP)
7. Bruins , Alexander Wennberg 14 (Craig Smith 19, Eric Wellwood 12) at 18:15
Penalties :
Tye McGinn (TOR) for Cross-checking (Minor) at 4:02, Tye McGinn (TOR) for Roughing (Minor) at 12:52, Brenden Dillon (TOR) for Hooking (Minor) at 16:43
Goalie Stats
Kevin Poulin (Bos), 7 saves from 7 shots - (1.000), 20:01 minutes
Tuukka Rask (Bos), 14 saves from 18 shots - (0.778), L, 1-6-2, 38:44 minutes
Kristers Gudlevskis (TOR), 31 saves from 34 shots - (0.912), W, 28-21-5, 60:00 minutes
Players Stats for Bruins
Player Name G A P +/- PIM S H SB GA TA FO MP PP MP PK MP
------------------------------------------------------------------------------------
Adam Pelech 0 0 0 0 0 1 2 0 0 2 0/0 11:04 0:03 0:00
Alexander Wennberg 1 1 2 1 0 7 1 0 0 0 3/5 16:39 3:03 0:46
Andreas Athanasiou 0 0 0 0 0 0 2 1 0 0 0/0 8:07 0:49 0:00
Brendan Smith 0 0 0 -2 0 1 1 2 0 1 0/0 18:32 3:33 0:44
Casey Cizikas 0 0 0 -2 0 1 0 1 0 0 2/5 12:39 0:43 0:00
Craig Smith 0 1 1 1 0 3 1 0 0 1 0/0 15:54 3:04 0:00
Eric Wellwood 0 1 1 1 0 1 4 1 0 0 1/1 16:22 3:03 0:29
Jason Demers 0 0 0 -1 0 2 2 2 0 3 0/0 30:24 6:04 1:15
Jonathan Toews 0 1 1 -2 0 4 0 2 0 0 21/42 21:51 5:47 0:00
Josh Manson 0 0 0 0 0 1 0 0 0 0 0/0 11:04 0:03 0:00
Madison Bowey 0 1 1 -2 0 2 2 0 1 0 0/0 18:32 3:33 0:44
Mark Stone 0 0 0 -2 0 0 1 0 1 0 0/0 12:44 0:35 0:00
Radek Faksa 0 0 0 0 0 0 2 0 1 1 1/1 8:11 0:00 0:40
Taylor Beck 0 0 0 -2 0 1 0 0 0 2 0/0 12:18 0:22 0:00
Torey Krug 1 0 1 -1 0 3 2 3 1 0 0/0 30:24 6:04 1:15
Wojtek Wolski 1 0 1 -2 0 2 1 0 0 0 0/0 22:51 5:47 1:00
Zack Kassian 0 0 0 -2 0 5 1 0 1 0 1/3 22:54 5:47 1:03
Zemgus Girgensons 0 0 0 0 0 0 1 0 0 0 0/0 7:31 0:00 0:00
Players Stats for Maple Leafs
Player Name G A P +/- PIM S H SB GA TA FO MP PP MP PK MP
------------------------------------------------------------------------------------
Aleksander Barkov 0 0 0 0 0 2 2 0 0 0 4/10 16:23 0:53 2:20
Andre Burakovsky 1 1 2 2 2 1 0 0 1 0 1/1 14:56 0:53 0:00
Ben Smith 0 0 0 0 0 0 2 0 1 0 0/0 15:07 1:00 0:00
Bo Horvat 1 0 1 2 0 4 2 2 0 0 19/35 22:27 1:00 5:47
Brandon Saad 1 0 1 1 0 2 2 0 0 0 0/0 9:28 0:00 1:36
Brenden Dillon 0 0 0 1 2 0 1 0 0 0 0/0 14:19 0:00 0:14
Elias Pettersson 1 1 2 0 2 3 2 1 2 0 2/5 13:05 0:06 1:21
Evander Kane 0 1 1 2 0 2 2 0 1 0 1/3 22:30 1:06 5:44
Haydn Fleury 0 0 0 1 0 0 1 1 0 0 0/0 14:39 0:00 1:56
Jason Zucker 0 0 0 0 0 4 4 0 0 0 0/0 16:29 0:53 2:29
John Klingberg 0 0 0 1 0 1 0 2 0 0 0/0 24:12 1:13 7:13
Jon Merrill 0 0 0 1 0 1 2 0 0 2 0/0 28:25 1:13 4:53
Luke Schenn 0 0 0 1 2 2 1 3 2 0 0/0 17:35 0:46 3:03
Nicholas Baptiste 0 1 1 1 0 1 1 0 1 0 0/0 7:59 0:06 0:00
Patrice Cormier 0 1 1 1 0 0 1 0 2 0 0/2 7:55 0:00 0:03
Pontus Aberg 0 0 0 0 0 0 1 1 0 0 0/0 11:32 0:00 0:00
Tye McGinn 0 1 1 0 4 0 1 2 0 0 1/1 11:53 0:00 0:00
Zach Werenski 0 1 1 1 0 2 1 1 0 3 0/0 21:20 0:46 2:01
3 Stars
1 - Bo Horvat (TOR)
2 - Alexander Wennberg (Bos)
3 - Andre Burakovsky (TOR)
Power Play
Bruins - 2 on 6 Attempt(s) - 33.33%
Maple Leafs - 0 on 1 Attempt(s) - 0.00%
Penalty Kill
Bruins - 1 on 1 Attempt(s) - 100.00%
- Score 0 goal in Penalty Kill
Maple Leafs - 4 on 6 Attempt(s) - 66.67%
- Score 0 goal in Penalty Kill
Team Stat
Bruins - Hits : 23 - Faceoff Wins : 29 - Blocked Shots : 12 - Penalty Minutes : 2
Maple Leafs - Hits : 26 - Faceoff Wins : 28 - Blocked Shots : 13 - Penalty Minutes : 12
Official
Referees : Wes McCauley and Justin St. Pierre
Linesman : Devin Berg and James Tobias
Game Notes
Kevin Poulin enters game at 18:44 of 2nd period
Finance
Level 1 -- Attendance: 6000 (100.00%) -- Ticket Income $600,000
Level 2 -- Attendance: 4923 (98.46%) -- Ticket Income $295,380
Level 3 -- Attendance: 2000 (100.00%) -- Ticket Income $70,000
Level 4 -- Attendance: 4000 (100.00%) -- Ticket Income $100,000
Luxury Box -- Attendance: 1000 (100.00%) -- Ticket Income $200,000
Game was played at the Scotiabank Arena.
Total Attendance: 17923 (99.57%)
Total Ticket Income: $1,265,380
Other Income: $189,807
Total Income: $1,455,187
Bruins
5 vs 5 Forward
Center Left Wing Right Wing Time % Phy DF OF
1 Jonathan Toews Wojtek Wolski Zack Kassian 40 1 2 2
2 Alexander Wennberg Eric Wellwood Craig Smith 30 1 2 2
3 Casey Cizikas Taylor Beck Mark Stone 20 1 2 2
4 Radek Faksa Zemgus Girgensons Andreas Athanasiou 10 1 2 2
5 vs 5 Defense
Defense Defense Time % Phy DF OF
1 Jason Demers Torey Krug 40 1 2 2
2 Brendan Smith Madison Bowey 30 1 2 2
3 Josh Manson Adam Pelech 20 1 2 2
4 Jason Demers Torey Krug 10 1 2 2
PowerPlay Forward
Center Left Wing Right Wing Time % Phy DF OF
1 Jonathan Toews Wojtek Wolski Zack Kassian 60 1 2 2
2 Alexander Wennberg Eric Wellwood Craig Smith 40 1 2 2
PowerPlay Defense
Defense Defense Time % Phy DF OF
1 Jason Demers Torey Krug 60 1 2 2
2 Brendan Smith Madison Bowey 40 1 2 2
Penalty Kill 4 Players Forward
Center Wing Time % Phy DF OF
1 Zack Kassian Wojtek Wolski 60 1 2 2
2 Jonathan Toews Alexander Wennberg 40 1 2 2
Penalty Kill 4 Players Defense
Defense Defense Time % Phy DF OF
1 Jason Demers Torey Krug 60 1 2 2
2 Brendan Smith Madison Bowey 40 1 2 2
Penalty Kill - 3 Players Forward
Forward Time % Phy DF OF
1 Zack Kassian 60 1 2 2
2 Wojtek Wolski 40 1 2 2
Penalty Kill - 3 Players Defense
Defense Defense Time % Phy DF OF
1 Jason Demers Torey Krug 60 1 2 2
2 Brendan Smith Madison Bowey 40 1 2 2
4 vs 4 Forward
Center Wing Time % Phy DF OF
1 Zack Kassian Wojtek Wolski 60 1 2 2
2 Jonathan Toews Alexander Wennberg 40 1 2 2
4 vs 4 Defense
Defense Defense Time % Phy DF OF
1 Jason Demers Torey Krug 60 1 2 2
2 Brendan Smith Madison Bowey 40 1 2 2
Last Minutes Offensive
Center Left Wing Right Wing Defense Defense
Jonathan Toews Wojtek Wolski Zack Kassian Jason Demers Torey Krug
Last Minutes Defensive
Center Left Wing Right Wing Defense Defense
Jonathan Toews Wojtek Wolski Zack Kassian Jason Demers Torey Krug
Goaltenders
Starting : Tuukka Rask
Backup : Kevin Poulin
Extra Forwards
Normal : Casey Cizikas, Mark Stone, Radek Faksa - PP : Casey Cizikas, Mark Stone - PK : Radek Faksa
Extra Defensemen
Normal : Josh Manson, Adam Pelech, Brendan Smith - PP : Josh Manson - PK : Adam Pelech, Brendan Smith
Penalty Shots
Zack Kassian, Wojtek Wolski, Jonathan Toews, Alexander Wennberg, Craig Smith
Custom OT Lines Forwards
Zack Kassian, Wojtek Wolski, Jonathan Toews, Alexander Wennberg, Craig Smith, Casey Cizikas, Eric Wellwood, Mark Stone, Radek Faksa, Andreas Athanasiou
Custom OT Lines Defensemen
Jason Demers, Torey Krug, Brendan Smith, Madison Bowey, Josh Manson
Scratches
Gabriel Landeskog (Torn Left Knee Ligaments Injury)
Maple Leafs
5 vs 5 Forward
Center Left Wing Right Wing Time % Phy DF OF
1 Bo Horvat Evander Kane Andre Burakovsky 40 1 2 2
2 Aleksander Barkov Jason Zucker Ben Smith 30 1 2 2
3 Elias Pettersson Tye McGinn Pontus Aberg 20 1 2 2
4 Patrice Cormier Brandon Saad Nicholas Baptiste 10 1 2 2
5 vs 5 Defense
Defense Defense Time % Phy DF OF
1 Jon Merrill Zach Werenski 40 1 2 2
2 John Klingberg Luke Schenn 30 1 2 2
3 Haydn Fleury Brenden Dillon 20 1 2 2
4 Jon Merrill John Klingberg 10 1 2 2
PowerPlay Forward
Center Left Wing Right Wing Time % Phy DF OF
1 Bo Horvat Evander Kane Ben Smith 60 1 2 2
2 Aleksander Barkov Jason Zucker Andre Burakovsky 40 1 2 2
PowerPlay Defense
Defense Defense Time % Phy DF OF
1 Jon Merrill John Klingberg 60 1 2 2
2 Zach Werenski Luke Schenn 40 1 2 2
Penalty Kill 4 Players Forward
Center Wing Time % Phy DF OF
1 Bo Horvat Evander Kane 60 1 2 2
2 Aleksander Barkov Jason Zucker 40 1 2 2
Penalty Kill 4 Players Defense
Defense Defense Time % Phy DF OF
1 Jon Merrill John Klingberg 60 1 2 2
2 Zach Werenski Luke Schenn 40 1 2 2
Penalty Kill - 3 Players Forward
Forward Time % Phy DF OF
1 Bo Horvat 60 1 2 2
2 Aleksander Barkov 40 1 2 2
Penalty Kill - 3 Players Defense
Defense Defense Time % Phy DF OF
1 Jon Merrill John Klingberg 60 1 2 2
2 Zach Werenski Luke Schenn 40 1 2 2
4 vs 4 Forward
Center Wing Time % Phy DF OF
1 Bo Horvat Evander Kane 60 1 2 2
2 Aleksander Barkov Jason Zucker 40 1 2 2
4 vs 4 Defense
Defense Defense Time % Phy DF OF
1 Jon Merrill John Klingberg 60 1 2 2
2 Zach Werenski Luke Schenn 40 1 2 2
Last Minutes Offensive
Center Left Wing Right Wing Defense Defense
Bo Horvat Evander Kane Ben Smith Jon Merrill John Klingberg
Last Minutes Defensive
Center Left Wing Right Wing Defense Defense
Bo Horvat Evander Kane Ben Smith Jon Merrill John Klingberg
Goaltenders
Starting : Kristers Gudlevskis
Backup : Pavel Francouz
Extra Forwards
Normal : Jason Zucker, Aleksander Barkov, Tye McGinn - PP : Jason Zucker, Aleksander Barkov - PK : Jason Zucker
Extra Defensemen
Normal : Luke Schenn, Haydn Fleury, Brenden Dillon - PP : Luke Schenn - PK : Luke Schenn, Haydn Fleury
Penalty Shots
Evander Kane, Ben Smith, Bo Horvat, Andre Burakovsky, Jason Zucker
Custom OT Lines Forwards
Evander Kane, Ben Smith, Bo Horvat, Andre Burakovsky, Jason Zucker, Aleksander Barkov, Tye McGinn, Pontus Aberg, Brandon Saad, Patrice Cormier
Custom OT Lines Defensemen
Jon Merrill, John Klingberg, Zach Werenski, Luke Schenn, Haydn Fleury
Scratches
Brett Pesce (Healthy), Valentin Zykov (Healthy)
% Time on Ice - Bruins
Lines # - Real PCT - Wanted PCT - Time Play
Normal Forward
1 - 32% - 40% - 14:59
2 - 27% - 30% - 12:50
3 - 25% - 20% - 11:56
4 - 16% - 10% - 7:31
Normal Defense
1 - 40% - 40% - 19:05
2 - 30% - 30% - 14:15
3 - 22% - 20% - 10:25
4 - 7% - 10% - 3:31
PP Forward
1 - 65% - 60% - 6:18
2 - 35% - 40% - 3:22
PP Defense
1 - 63% - 60% - 6:07
2 - 37% - 40% - 3:33
PK Forward
1 - 82% - 60% - 1:38
2 - 18% - 40% - 0:21
PK Defense
1 - 63% - 60% - 1:15
2 - 37% - 40% - 0:44
PK3 Forward
1 - 0% - 60%
2 - 0% - 40%
PK3 Defense
1 - 0% - 60%
2 - 0% - 40%
44 Forward
1 - 0% - 60%
2 - 0% - 40%
44 Defense
1 - 0% - 60%
2 - 0% - 40%
Last Minute Offensive - 1:05
Last Minute Defensive - 0:00
Total
Forward - 60:00
Defense - 60:00
|
% Time on Ice - Maple Leafs
Lines # - Real PCT - Wanted PCT - Time Play
Normal Forward
1 - 31% - 40% - 14:46
2 - 28% - 30% - 13:07
3 - 24% - 20% - 11:32
4 - 17% - 10% - 7:52
Normal Defense
1 - 41% - 40% - 19:11
2 - 28% - 30% - 13:15
3 - 28% - 20% - 13:11
4 - 4% - 10% - 1:40
PP Forward
1 - 55% - 60% - 1:06
2 - 45% - 40% - 0:53
PP Defense
1 - 61% - 60% - 1:13
2 - 39% - 40% - 0:46
PK Forward
1 - 77% - 60% - 7:29
2 - 23% - 40% - 2:11
PK Defense
1 - 77% - 60% - 7:27
2 - 23% - 40% - 2:13
PK3 Forward
1 - 0% - 60%
2 - 0% - 40%
PK3 Defense
1 - 0% - 60%
2 - 0% - 40%
44 Forward
1 - 0% - 60%
2 - 0% - 40%
44 Defense
1 - 0% - 60%
2 - 0% - 40%
Last Minute Offensive - 0:00
Last Minute Defensive - 1:04
Total
Forward - 60:00
Defense - 60:00
|
Play-by-Play
1st period
0:01 of 1st period - Andre Burakovsky wins face-off versus Jonathan Toews in neutral zone.
0:04 of 1st period - Snap shot by Bo Horvat.
0:04 of 1st period - Stopped by Tuukka Rask without a rebound.
0:05 of 1st period - Bo Horvat wins face-off versus Jonathan Toews in Bruins zone.
0:46 of 1st period - Slapshot by Ben Smith.
0:46 of 1st period - Shot Blocked by Jason Demers.
0:58 of 1st period - Wrist shot by Casey Cizikas.
0:58 of 1st period - Shot Blocked by Tye McGinn.
1:00 of 1st period - Slapshot by Torey Krug.
1:00 of 1st period - Stopped by Kristers Gudlevskis without a rebound.
1:01 of 1st period - Casey Cizikas wins face-off versus Elias Pettersson in Maple Leafs zone.
1:02 of 1st period - Slapshot by Mark Stone.
1:02 of 1st period - Shot Misses the Net.
1:04 of 1st period - Slapshot by Madison Bowey.
1:04 of 1st period - Shot Hit the Post.
1:06 of 1st period - Snap shot by Brendan Smith.
1:06 of 1st period - Stopped by Kristers Gudlevskis with a rebound.
1:08 of 1st period - Slapshot by Madison Bowey.
1:08 of 1st period - Shot Blocked by Pontus Aberg.
1:36 of 1st period - Wrist shot by Zemgus Girgensons.
1:36 of 1st period - Shot Blocked by Luke Schenn.
2:12 of 1st period - Backhand shot by Craig Smith.
2:12 of 1st period - Stopped by Kristers Gudlevskis without a rebound.
2:13 of 1st period - Alexander Wennberg wins face-off versus Aleksander Barkov in Maple Leafs zone.
2:22 of 1st period - Slapshot by Alexander Wennberg.
2:22 of 1st period - Deflect By Craig Smith.
2:22 of 1st period - Shot Misses the Net.
2:22 of 1st period - Puck is out of play.
2:23 of 1st period - Bo Horvat wins face-off versus Jonathan Toews in Maple Leafs zone.
2:32 of 1st period - Wrist shot by Andre Burakovsky.
2:32 of 1st period - Shot Misses the Net.
2:54 of 1st period - Backhand shot by Torey Krug.
2:54 of 1st period - Shot Misses the Net.
3:20 of 1st period - Snap shot by Craig Smith.
3:20 of 1st period - Shot Misses the Net.
3:55 of 1st period - Icing by Torey Krug.
3:56 of 1st period - Bo Horvat wins face-off versus Jonathan Toews in Bruins zone.
4:07 of 1st period - Snap shot by Zack Kassian.
4:07 of 1st period - Shot Misses the Net.
4:31 of 1st period - Jason Demers is hit by Aleksander Barkov and loses puck.
4:46 of 1st period - Slapshot by Elias Pettersson.
4:46 of 1st period - Stopped by Tuukka Rask with a rebound.
4:54 of 1st period - Slapshot by Zach Werenski.
4:54 of 1st period - Shot Blocked by Torey Krug.
5:33 of 1st period - Nicholas Baptiste is hit by Jason Demers and loses puck.
5:38 of 1st period - Snap shot by Jonathan Toews.
5:38 of 1st period - Shot Blocked by Haydn Fleury.
5:40 of 1st period - Snap shot by Zack Kassian.
5:40 of 1st period - Shot Misses the Net.
7:38 of 1st period - Wrist shot by Craig Smith.
7:38 of 1st period - Stopped by Kristers Gudlevskis with a rebound.
7:48 of 1st period - Wrist shot by Jason Zucker.
7:48 of 1st period - Stopped by Tuukka Rask with a rebound.
8:20 of 1st period - Snap shot by Alexander Wennberg.
8:20 of 1st period - Shot Misses the Net.
8:26 of 1st period - Wrist shot by Alexander Wennberg.
8:26 of 1st period - Stopped by Kristers Gudlevskis with a rebound.
8:28 of 1st period - Snap shot by Alexander Wennberg.
8:28 of 1st period - Stopped by Kristers Gudlevskis with a rebound.
8:30 of 1st period - Snap shot by Madison Bowey.
8:30 of 1st period - Stopped by Kristers Gudlevskis with a rebound.
8:44 of 1st period - Wrist shot by Jason Zucker.
8:44 of 1st period - Stopped by Tuukka Rask without a rebound.
8:45 of 1st period - Bo Horvat wins face-off versus Jonathan Toews in Bruins zone.
8:57 of 1st period - Icing by Jonathan Toews.
8:58 of 1st period - Bo Horvat wins face-off versus Jonathan Toews in Bruins zone.
9:13 of 1st period - Snap shot by Zack Kassian.
9:13 of 1st period - Stopped by Kristers Gudlevskis with a rebound.
9:15 of 1st period - Slapshot by Adam Pelech.
9:15 of 1st period - Stopped by Kristers Gudlevskis without a rebound.
9:16 of 1st period - Elias Pettersson wins face-off versus Casey Cizikas in Maple Leafs zone.
9:43 of 1st period - Jonathan Toews is hit by Patrice Cormier and loses puck.
10:04 of 1st period - Jason Demers is hit by Bo Horvat and loses puck.
10:12 of 1st period - Minor Penalty to Andre Burakovsky for Tripping.
10:13 of 1st period - Jonathan Toews wins face-off versus Bo Horvat in Maple Leafs zone.
11:05 of 1st period - Bo Horvat is hit by Mark Stone and loses puck.
11:22 of 1st period - Snap shot by Elias Pettersson.
11:22 of 1st period - Shot Blocked by Torey Krug.
12:12 of 1st period - Penalty to Andre Burakovsky is over, Andre Burakovsky is back on ice.
13:22 of 1st period - Mark Stone is hit by Brandon Saad and loses puck.
13:29 of 1st period - Nicholas Baptiste is hit by Madison Bowey and loses puck.
14:15 of 1st period - Radek Faksa is hit by Haydn Fleury and loses puck.
14:28 of 1st period - Jonathan Toews is hit by Ben Smith and loses puck.
14:45 of 1st period - Wojtek Wolski is hit by Luke Schenn and loses puck.
16:15 of 1st period - Snap shot by Elias Pettersson.
16:15 of 1st period - Shot Blocked by Jason Demers.
16:27 of 1st period - Adam Pelech is hit by Jason Zucker and loses puck.
17:08 of 1st period - Wrist shot by Zack Kassian.
17:08 of 1st period - Stopped by Kristers Gudlevskis with a rebound.
17:10 of 1st period - Slapshot by Josh Manson.
17:10 of 1st period - Shot Misses the Net.
17:12 of 1st period - Snap shot by Wojtek Wolski.
17:12 of 1st period - Shot Blocked by Bo Horvat.
17:32 of 1st period - Icing by John Klingberg.
17:33 of 1st period - Jonathan Toews wins face-off versus Elias Pettersson in Maple Leafs zone.
17:34 of 1st period - Snap shot by Wojtek Wolski.
17:34 of 1st period - Deflect By Jonathan Toews.
17:34 of 1st period - Shot Blocked by Elias Pettersson.
17:34 of 1st period - Puck is out of play.
17:35 of 1st period - Jonathan Toews wins face-off versus Bo Horvat in Maple Leafs zone.
17:42 of 1st period - Wrist shot by Jonathan Toews.
17:42 of 1st period - Stopped by Kristers Gudlevskis without a rebound.
17:43 of 1st period - Jonathan Toews wins face-off versus Evander Kane in Maple Leafs zone.
17:50 of 1st period - Snap shot by Jonathan Toews.
17:50 of 1st period - Stopped by Kristers Gudlevskis without a rebound.
17:51 of 1st period - Jonathan Toews wins face-off versus Bo Horvat in Maple Leafs zone.
18:19 of 1st period - Minor Penalty to Elias Pettersson for Cross-checking.
18:20 of 1st period - Bo Horvat wins face-off versus Jonathan Toews in Maple Leafs zone.
18:35 of 1st period - Slapshot by Jonathan Toews.
18:35 of 1st period - Deflect By Wojtek Wolski.
18:35 of 1st period - Deflect By John Klingberg.
18:35 of 1st period - Stopped by Kristers Gudlevskis without a rebound.
18:36 of 1st period - Jonathan Toews wins face-off versus Bo Horvat in Maple Leafs zone.
18:51 of 1st period - Off-side.
18:52 of 1st period - Alexander Wennberg wins face-off versus Bo Horvat in neutral zone.
19:05 of 1st period - Slapshot by Torey Krug.
19:05 of 1st period - Goal by Torey Krug - Bruins : 1 - Maple Leafs : 0.
19:06 of 1st period - Bo Horvat wins face-off versus Jonathan Toews in neutral zone.
19:09 of 1st period - Slapshot by John Klingberg.
19:09 of 1st period - Shot Misses the Net.
19:33 of 1st period - Mark Stone is hit by Elias Pettersson and loses puck.
19:43 of 1st period - Off-side.
19:44 of 1st period - Aleksander Barkov wins face-off versus Jonathan Toews in neutral zone.
19:55 of 1st period - Wrist shot by Aleksander Barkov.
19:55 of 1st period - Stopped by Tuukka Rask without a rebound.
19:56 of 1st period - Bo Horvat wins face-off versus Jonathan Toews in Bruins zone.
19:59 of 1st period - Wrist shot by Andre Burakovsky.
19:59 of 1st period - Deflect By Zack Kassian.
19:59 of 1st period - Shot Blocked by Jonathan Toews.
19:59 of 1st period - Puck is out of play.
Goals for this period are 1 for Bruins vs 0 for Maple Leafs.
Shots for this period are 14 for Bruins vs 5 for Maple Leafs.
2nd period
0:01 of 2nd period - Bo Horvat wins face-off versus Jonathan Toews in neutral zone.
1:15 of 2nd period - Jonathan Toews is hit by Evander Kane and loses puck.
1:30 of 2nd period - Snap shot by Nicholas Baptiste.
1:30 of 2nd period - Stopped by Tuukka Rask without a rebound.
1:31 of 2nd period - Radek Faksa wins face-off versus Patrice Cormier in Bruins zone.
1:44 of 2nd period - Snap shot by Brandon Saad.
1:44 of 2nd period - Stopped by Tuukka Rask without a rebound.
1:45 of 2nd period - Zack Kassian wins face-off versus Bo Horvat in Bruins zone.
1:59 of 2nd period - Icing by Luke Schenn.
2:00 of 2nd period - Jonathan Toews wins face-off versus Bo Horvat in Maple Leafs zone.
2:15 of 2nd period - Wrist shot by Zack Kassian.
2:15 of 2nd period - Shot Blocked by Bo Horvat.
2:47 of 2nd period - Jason Demers is hit by Ben Smith.
3:15 of 2nd period - Snap shot by Nicholas Baptiste.
3:15 of 2nd period - Shot Misses the Net.
3:17 of 2nd period - Snap shot by Nicholas Baptiste.
3:17 of 2nd period - Deflect By Andreas Athanasiou.
3:17 of 2nd period - Shot Blocked by Andreas Athanasiou.
3:17 of 2nd period - Puck is out of play.
3:18 of 2nd period - Jonathan Toews wins face-off versus Bo Horvat in Bruins zone.
3:57 of 2nd period - Wrist shot by Craig Smith.
3:57 of 2nd period - Shot Blocked by Zach Werenski.
3:59 of 2nd period - Snap shot by Eric Wellwood.
3:59 of 2nd period - Deflect By Alexander Wennberg.
3:59 of 2nd period - Stopped by Kristers Gudlevskis with a rebound.
4:37 of 2nd period - Slapshot by Nicholas Baptiste.
4:37 of 2nd period - Shot Blocked by Brendan Smith.
4:53 of 2nd period - Wrist shot by Bo Horvat.
4:53 of 2nd period - Goal by Bo Horvat - Bruins : 1 - Maple Leafs : 1.
4:54 of 2nd period - Bo Horvat wins face-off versus Jonathan Toews in neutral zone.
4:57 of 2nd period - Zack Kassian is hit by Bo Horvat and loses puck.
5:06 of 2nd period - Slapshot by Jason Demers.
5:06 of 2nd period - Stopped by Kristers Gudlevskis with a rebound.
5:08 of 2nd period - Slapshot by Torey Krug.
5:08 of 2nd period - Shot Misses the Net.
5:22 of 2nd period - Slapshot by Luke Schenn.
5:22 of 2nd period - Shot Blocked by Torey Krug.
5:24 of 2nd period - Slapshot by Luke Schenn.
5:24 of 2nd period - Stopped by Tuukka Rask with a rebound.
5:26 of 2nd period - Slapshot by Luke Schenn.
5:26 of 2nd period - Stopped by Tuukka Rask without a rebound.
5:27 of 2nd period - Jonathan Toews wins face-off versus Elias Pettersson in Bruins zone.
5:32 of 2nd period - Slapshot by Elias Pettersson.
5:32 of 2nd period - Shot Misses the Net.
6:02 of 2nd period - Backhand shot by Zach Werenski.
6:02 of 2nd period - Shot Blocked by Casey Cizikas.
6:04 of 2nd period - Slapshot by Zach Werenski.
6:04 of 2nd period - Stopped by Tuukka Rask with a rebound.
6:06 of 2nd period - Slapshot by Tye McGinn.
6:06 of 2nd period - Shot Misses the Net.
6:12 of 2nd period - Snap shot by Elias Pettersson.
6:12 of 2nd period - Goal by Elias Pettersson - Bruins : 1 - Maple Leafs : 2.
6:13 of 2nd period - Jonathan Toews wins face-off versus Bo Horvat in neutral zone.
6:21 of 2nd period - Minor Penalty to Luke Schenn for Roughing.
6:22 of 2nd period - Jonathan Toews wins face-off versus Bo Horvat in Maple Leafs zone.
6:29 of 2nd period - Icing by Zack Kassian.
6:30 of 2nd period - Jonathan Toews wins face-off versus Bo Horvat in Bruins zone.
6:53 of 2nd period - Snap shot by Aleksander Barkov.
6:53 of 2nd period - Stopped by Tuukka Rask without a rebound.
6:54 of 2nd period - Eric Wellwood wins face-off versus Aleksander Barkov in Bruins zone.
7:33 of 2nd period - Icing by Torey Krug.
7:34 of 2nd period - Jonathan Toews wins face-off versus Aleksander Barkov in Bruins zone.
7:51 of 2nd period - Off-side.
7:52 of 2nd period - Bo Horvat wins face-off versus Alexander Wennberg in neutral zone.
8:07 of 2nd period - Wrist shot by Alexander Wennberg.
8:07 of 2nd period - Deflect By Eric Wellwood.
8:07 of 2nd period - Stopped by Kristers Gudlevskis without a rebound.
8:08 of 2nd period - Bo Horvat wins face-off versus Jonathan Toews in Maple Leafs zone.
8:08 of 2nd period - Bo Horvat is hit by Wojtek Wolski.
8:21 of 2nd period - Penalty to Luke Schenn is over, Luke Schenn is back on ice.
8:26 of 2nd period - Wrist shot by Bo Horvat.
8:26 of 2nd period - Shot Blocked by Jonathan Toews.
8:44 of 2nd period - Snap shot by Luke Schenn.
8:44 of 2nd period - Shot Blocked by Eric Wellwood.
8:58 of 2nd period - Adam Pelech is hit by Jason Zucker and loses puck.
9:50 of 2nd period - Slapshot by Josh Manson.
9:50 of 2nd period - Stopped by Kristers Gudlevskis without a rebound.
9:51 of 2nd period - Jonathan Toews wins face-off versus Aleksander Barkov in Maple Leafs zone.
10:01 of 2nd period - Torey Krug is hit by Aleksander Barkov and loses puck.
10:18 of 2nd period - Evander Kane is hit by Eric Wellwood and loses puck.
10:43 of 2nd period - Snap shot by Mark Stone.
10:43 of 2nd period - Shot Misses the Net.
10:49 of 2nd period - Snap shot by Patrice Cormier.
10:49 of 2nd period - Deflect By Brandon Saad.
10:49 of 2nd period - Goal by Brandon Saad - Bruins : 1 - Maple Leafs : 3.
10:50 of 2nd period - Bo Horvat wins face-off versus Jonathan Toews in neutral zone.
10:58 of 2nd period - Wrist shot by Evander Kane.
10:58 of 2nd period - Stopped by Tuukka Rask without a rebound.
10:58 of 2nd period - Minor Penalty to Tuukka Rask for Slashing.
10:59 of 2nd period - Bo Horvat wins face-off versus Zack Kassian in Bruins zone.
12:58 of 2nd period - Penalty to Jonathan Toews is over, Jonathan Toews is back on ice.
13:25 of 2nd period - Andreas Athanasiou is hit by Brandon Saad and loses puck.
13:44 of 2nd period - Wrist shot by Alexander Wennberg.
13:44 of 2nd period - Shot Misses the Net.
14:42 of 2nd period - John Klingberg is hit by Eric Wellwood and loses puck.
15:03 of 2nd period - Evander Kane is hit by Andreas Athanasiou and loses puck.
15:32 of 2nd period - Torey Krug is hit by Jon Merrill.
16:02 of 2nd period - Slapshot by Elias Pettersson.
16:02 of 2nd period - Stopped by Tuukka Rask without a rebound.
16:03 of 2nd period - Aleksander Barkov wins face-off versus Jonathan Toews in Bruins zone.
16:30 of 2nd period - Nicholas Baptiste is hit by Alexander Wennberg and loses puck.
16:35 of 2nd period - Snap shot by Alexander Wennberg.
16:35 of 2nd period - Stopped by Kristers Gudlevskis with a rebound.
16:53 of 2nd period - Snap shot by Elias Pettersson.
16:53 of 2nd period - Shot Blocked by Brendan Smith.
16:59 of 2nd period - Tye McGinn is hit by Radek Faksa and loses puck.
17:20 of 2nd period - Snap shot by Jason Zucker.
17:20 of 2nd period - Stopped by Tuukka Rask without a rebound.
17:21 of 2nd period - Jonathan Toews wins face-off versus Bo Horvat in Bruins zone.
17:30 of 2nd period - Snap shot by Jonathan Toews.
17:30 of 2nd period - Stopped by Kristers Gudlevskis with a rebound.
17:32 of 2nd period - Wrist shot by Zack Kassian.
17:32 of 2nd period - Shot Misses the Net.
17:34 of 2nd period - Backhand shot by Torey Krug.
17:34 of 2nd period - Stopped by Kristers Gudlevskis with a rebound.
17:36 of 2nd period - Snap shot by Jonathan Toews.
17:36 of 2nd period - Shot Misses the Net.
17:38 of 2nd period - Wrist shot by Jonathan Toews.
17:38 of 2nd period - Shot Misses the Net.
17:48 of 2nd period - Jason Demers is hit by Jason Zucker and loses puck.
17:57 of 2nd period - Snap shot by Ben Smith.
17:57 of 2nd period - Shot Misses the Net.
18:30 of 2nd period - Snap shot by Casey Cizikas.
18:30 of 2nd period - Stopped by Kristers Gudlevskis with a rebound.
18:44 of 2nd period - Wrist shot by Andre Burakovsky.
18:44 of 2nd period - Goal by Andre Burakovsky - Bruins : 1 - Maple Leafs : 4.
18:44 of 2nd period - Kevin Poulin enters game.
18:45 of 2nd period - Bo Horvat wins face-off versus Zack Kassian in neutral zone.
18:48 of 2nd period - Snap shot by Evander Kane.
18:48 of 2nd period - Stopped by Kevin Poulin with a rebound.
18:50 of 2nd period - Wrist shot by Bo Horvat.
18:50 of 2nd period - Stopped by Kevin Poulin without a rebound.
18:51 of 2nd period - Jonathan Toews wins face-off versus Evander Kane in Bruins zone.
18:51 of 2nd period - Jonathan Toews is hit by Jon Merrill.
19:29 of 2nd period - Alexander Wennberg is hit by Zach Werenski and loses puck.
Goals for this period are 0 for Bruins vs 4 for Maple Leafs.
Shots for this period are 8 for Bruins vs 15 for Maple Leafs.
3rd period
0:01 of 3rd period - Jonathan Toews wins face-off versus Bo Horvat in neutral zone.
0:39 of 3rd period - Wrist shot by Alexander Wennberg.
0:39 of 3rd period - Stopped by Kristers Gudlevskis without a rebound.
0:40 of 3rd period - Alexander Wennberg wins face-off versus Aleksander Barkov in Maple Leafs zone.
0:55 of 3rd period - Wrist shot by Jason Zucker.
0:55 of 3rd period - Stopped by Kevin Poulin with a rebound.
1:04 of 3rd period - Off-side.
1:05 of 3rd period - Jonathan Toews wins face-off versus Bo Horvat in neutral zone.
1:10 of 3rd period - Slapshot by Torey Krug.
1:10 of 3rd period - Shot Misses the Net.
1:59 of 3rd period - Off-side.
2:00 of 3rd period - Aleksander Barkov wins face-off versus Alexander Wennberg in neutral zone.
2:07 of 3rd period - Snap shot by Jason Zucker.
2:07 of 3rd period - Shot Misses the Net.
3:09 of 3rd period - Jon Merrill is hit by Craig Smith and loses puck.
3:38 of 3rd period - Bo Horvat is hit by Jason Demers.
3:52 of 3rd period - Slapshot by Jason Demers.
3:52 of 3rd period - Stopped by Kristers Gudlevskis with a rebound.
3:54 of 3rd period - Slapshot by Jason Demers.
3:54 of 3rd period - Shot Blocked by Tye McGinn.
3:56 of 3rd period - Wrist shot by Taylor Beck.
3:56 of 3rd period - Shot Blocked by John Klingberg.
3:58 of 3rd period - Slapshot by Taylor Beck.
3:58 of 3rd period - Stopped by Kristers Gudlevskis with a rebound.
4:00 of 3rd period - Slapshot by Torey Krug.
4:00 of 3rd period - Shot Misses the Net.
4:02 of 3rd period - Minor Penalty to Tye McGinn for Cross-checking.
4:03 of 3rd period - Bo Horvat wins face-off versus Jonathan Toews in Maple Leafs zone.
6:02 of 3rd period - Penalty to Tye McGinn is over, Tye McGinn is back on ice.
6:14 of 3rd period - Taylor Beck is hit by Brenden Dillon and loses puck.
6:23 of 3rd period - Ben Smith is hit by Madison Bowey and loses puck.
6:38 of 3rd period - Josh Manson is hit by Pontus Aberg and loses puck.
7:24 of 3rd period - Radek Faksa is hit by Evander Kane and loses puck.
7:39 of 3rd period - Aleksander Barkov is hit by Adam Pelech and loses puck.
7:47 of 3rd period - Icing by Brenden Dillon.
7:48 of 3rd period - Aleksander Barkov wins face-off versus Casey Cizikas in Maple Leafs zone.
7:53 of 3rd period - Brendan Smith is hit by Nicholas Baptiste.
8:42 of 3rd period - Brendan Smith is hit by Jason Zucker and loses puck.
8:47 of 3rd period - Slapshot by Zach Werenski.
8:47 of 3rd period - Stopped by Kevin Poulin with a rebound.
9:03 of 3rd period - Brendan Smith is hit by Elias Pettersson and loses puck.
9:15 of 3rd period - Icing by Radek Faksa.
9:16 of 3rd period - Casey Cizikas wins face-off versus Patrice Cormier in Bruins zone.
9:44 of 3rd period - Slapshot by Jon Merrill.
9:44 of 3rd period - Deflect By Zack Kassian.
9:44 of 3rd period - Stopped by Kevin Poulin without a rebound.
9:45 of 3rd period - Bo Horvat wins face-off versus Jonathan Toews in Bruins zone.
10:16 of 3rd period - Haydn Fleury is hit by Zack Kassian.
10:34 of 3rd period - Aleksander Barkov is hit by Eric Wellwood and loses puck.
10:43 of 3rd period - Slapshot by Haydn Fleury.
10:43 of 3rd period - Shot Misses the Net.
10:45 of 3rd period - Slapshot by Aleksander Barkov.
10:45 of 3rd period - Shot Misses the Net.
11:30 of 3rd period - Zach Werenski is hit by Radek Faksa and loses puck.
12:03 of 3rd period - Ben Smith is hit by Eric Wellwood and loses puck.
12:52 of 3rd period - Minor Penalty to Tye McGinn for Roughing.
12:53 of 3rd period - Bo Horvat wins face-off versus Jonathan Toews in Maple Leafs zone.
13:06 of 3rd period - Wrist shot by Zack Kassian.
13:06 of 3rd period - Stopped by Kristers Gudlevskis with a rebound.
13:08 of 3rd period - Slapshot by Madison Bowey.
13:08 of 3rd period - Shot Blocked by Luke Schenn.
13:10 of 3rd period - Backhand shot by Madison Bowey.
13:10 of 3rd period - Shot Blocked by Luke Schenn.
13:20 of 3rd period - Evander Kane is hit by Brendan Smith and loses puck.
13:33 of 3rd period - Jon Merrill is hit by Torey Krug and loses puck.
14:52 of 3rd period - Penalty to Tye McGinn is over, Tye McGinn is back on ice.
15:01 of 3rd period - Brendan Smith is hit by Tye McGinn and loses puck.
15:57 of 3rd period - Pontus Aberg is hit by Andreas Athanasiou.
16:01 of 3rd period - Tye McGinn is hit by Zemgus Girgensons and loses puck.
16:12 of 3rd period - Tye McGinn is hit by Adam Pelech and loses puck.
16:43 of 3rd period - Minor Penalty to Brenden Dillon for Hooking.
16:44 of 3rd period - Jonathan Toews wins face-off versus Bo Horvat in Maple Leafs zone.
16:49 of 3rd period - Wrist shot by Zack Kassian.
16:49 of 3rd period - Stopped by Kristers Gudlevskis without a rebound.
16:50 of 3rd period - Evander Kane wins face-off versus Jonathan Toews in Maple Leafs zone.
17:25 of 3rd period - Snap shot by Alexander Wennberg.
17:25 of 3rd period - Stopped by Kristers Gudlevskis without a rebound.
17:26 of 3rd period - Jonathan Toews wins face-off versus Aleksander Barkov in Maple Leafs zone.
17:29 of 3rd period - Wrist shot by Zack Kassian.
17:29 of 3rd period - Shot Misses the Net.
17:31 of 3rd period - Snap shot by Jonathan Toews.
17:31 of 3rd period - Shot Blocked by John Klingberg.
17:33 of 3rd period - Snap shot by Jonathan Toews.
17:33 of 3rd period - Shot Misses the Net.
17:35 of 3rd period - Slapshot by Jonathan Toews.
17:35 of 3rd period - Shot Misses the Net.
17:37 of 3rd period - Slapshot by Madison Bowey.
17:37 of 3rd period - Stopped by Kristers Gudlevskis with a rebound.
17:39 of 3rd period - Wrist shot by Wojtek Wolski.
17:39 of 3rd period - Shot Misses the Net.
17:41 of 3rd period - Snap shot by Wojtek Wolski.
17:41 of 3rd period - Goal by Wojtek Wolski - Bruins : 2 - Maple Leafs : 4.
17:42 of 3rd period - Tye McGinn wins face-off versus Jonathan Toews in neutral zone.
17:47 of 3rd period - Wrist shot by Elias Pettersson.
17:47 of 3rd period - Shot Misses the Net.
18:09 of 3rd period - Elias Pettersson is hit by Torey Krug.
18:13 of 3rd period - Snap shot by Craig Smith.
18:13 of 3rd period - Stopped by Kristers Gudlevskis with a rebound.
18:15 of 3rd period - Slapshot by Alexander Wennberg.
18:15 of 3rd period - Goal by Alexander Wennberg - Bruins : 3 - Maple Leafs : 4.
18:16 of 3rd period - Bo Horvat wins face-off versus Jonathan Toews in neutral zone.
18:31 of 3rd period - Snap shot by Bo Horvat.
18:31 of 3rd period - Stopped by Kevin Poulin with a rebound.
18:33 of 3rd period - Slapshot by John Klingberg.
18:33 of 3rd period - Stopped by Kevin Poulin without a rebound.
18:34 of 3rd period - Elias Pettersson wins face-off versus Casey Cizikas in Bruins zone.
18:45 of 3rd period - Bruins, Kevin Poulin is pulled from the net.
18:49 of 3rd period - Snap shot by Casey Cizikas.
18:49 of 3rd period - Shot Misses the Net.
19:31 of 3rd period - Slapshot by Jonathan Toews.
19:31 of 3rd period - Stopped by Kristers Gudlevskis with a rebound.
19:33 of 3rd period - Snap shot by Zack Kassian.
19:33 of 3rd period - Shot Misses the Net.
19:35 of 3rd period - Snap shot by Zack Kassian.
19:35 of 3rd period - Stopped by Kristers Gudlevskis without a rebound.
19:36 of 3rd period - Ron Wilson call a timeout for Bruins.
19:36 of 3rd period - Jonathan Toews wins face-off versus Bo Horvat in Maple Leafs zone.
Goals for this period are 2 for Bruins vs 0 for Maple Leafs.
Shots for this period are 12 for Bruins vs 5 for Maple Leafs.